AoeStats
← ITA | Raffy

Hideout

503238800Analyzed
4v4 RM · 1mo ago on Aug 30, 2026· 58m 40s· 8 players
Game mode
Random Map
Map size
Large (8 player)
Population
200
Speed
Normal
Resources
Standard
Victory
Conquest
Starting age
Dark Age
Ending age
Imperial Age
RankedLock teamsTeams togetherTeam positionsShared explorationLock speedFull tech treeHidden civsTurbo modeCheats
Victory
Defeat
🇮🇹 Saracens · Italy
1402
+14
🇮🇹 Slavs · Italy
1378
+16
🇮🇹 Teutons · Italy
1350
+17
🇮🇹 Cumans · Italy
1261
+21
🇨🇴 Wei · Colombia
1406
-19
🇦🇷 Huns · Argentina
1372
-17
🇮🇹 Britons · Italy
1352
-16
🇮🇹 Saracens · Italy
1344
-16
HSL | errik
6:23 Loom
9:05 Feudal Age
22:40 Fletching
29:29 Castle Age
30:03 Crossbowman
30:40 Bodkin Arrow
49:46 Wheelbarrow
51:04 Caravan
57:05 Hand Cart
57:38 Padded Archer Armor
57:39 Scale Mail Armor
58:00 Forging
57:37 Pikeman
GdR_Charizard
9:20 Feudal Age
12:36 Double-Bit Axe
14:52 Fletching
17:54 Gold Mining
18:49 Loom
31:30 Castle Age
29:41 Horse Collar
30:31 Padded Archer Armor
31:36 Crossbowman
32:17 Bodkin Arrow
32:38 Bow Saw
32:59 Heavy Plow
35:17 Wheelbarrow
36:01 Wheelbarrow
35:55 Thumb Ring
37:50 Hand Cart
38:55 Gold Shaft Mining
39:38 Ballistics
39:30 Fortified Wall
40:20 Leather Archer Armor
40:27 Masonry
45:35 Imperial Age
45:25 Treadmill Crane
45:47 Arbalester
46:29 Bracer
47:26 Stone Mining
48:39 Two-Man Saw
47:07 Onager
48:52 Chemistry
49:37 Two-Man Saw
48:27 Town Watch
48:54 Caravan
50:00 Hoardings
51:01 Conscription
52:48 Elite Skirmisher
54:50 Conscription
54:03 Heavy Camel Rider
54:55 Bloodlines
54:45 Husbandry
57:48 Scale Barding Armor
57:55 Forging
SQ | dfLozanot
9:30 Feudal Age
10:18 Double-Bit Axe
10:42 Horse Collar
11:59 Wheelbarrow
12:38 Bloodlines
18:39 Scale Barding Armor
19:37 Forging
20:56 Fletching
21:12 Loom
29:03 Castle Age
28:03 Gold Mining
28:41 Stone Mining
30:04 Chain Barding Armor
31:23 Bow Saw
31:41 Heavy Plow
32:50 Gold Shaft Mining
41:24 Coinage
43:29 Imperial Age
42:03 Hand Cart
41:38 Town Watch
42:30 Tuntian
44:16 Scale Mail Armor
44:51 Iron Casting
44:42 Conscription
48:03 Ming Guang Armor
51:34 Elite Tiger Cavalry
53:09 Bodkin Arrow
54:20 Blast Furnace
58:00 Light Cavalry
58:40 Husbandry
MHT. Nahuel 047
9:42 Feudal Age
10:28 Double-Bit Axe
10:27 Horse Collar
14:51 Scale Barding Armor
18:00 Forging
18:53 Bloodlines
24:10 Castle Age
23:47 Gold Mining
25:21 Chain Barding Armor
26:15 Husbandry
27:16 Iron Casting
33:46 Wheelbarrow
32:57 Loom
34:10 Town Watch
35:38 Hand Cart
41:01 Imperial Age
39:38 Light Cavalry
42:07 Cavalier
43:29 Plate Barding Armor
45:06 Blast Furnace
45:42 Paladin
45:43 Hussar
47:26 Heavy Plow
47:40 Bow Saw
48:23 Caravan
49:10 Conscription
49:10 Hussar
55:14 Fletching
Roar
7:31 Loom
10:31 Feudal Age
20:04 Fletching
21:15 Double-Bit Axe
28:22 Castle Age
28:15 Gold Mining
28:08 Horse Collar
28:50 Scale Barding Armor
28:55 Forging
29:30 Bow Saw
30:15 Chain Barding Armor
29:51 Bodkin Arrow
30:43 Wheelbarrow
29:53 Town Watch
31:09 Iron Casting
31:44 Heavy Plow
33:16 Bloodlines
34:17 Stone Mining
45:06 Imperial Age
44:23 Town Patrol
45:49 Hand Cart
46:37 Plate Barding Armor
47:03 Blast Furnace
47:38 Two-Man Saw
47:41 Conscription
46:58 Cavalier
48:24 Crop Rotation
51:34 Stone Shaft Mining
51:11 Masonry
51:06 Siege Engineers
54:48 Conscription
54:49 Paladin
Mich
10:10 Feudal Age
11:14 Double-Bit Axe
13:57 Fletching
15:07 Horse Collar
18:40 Loom
25:02 Padded Archer Armor
26:42 Wheelbarrow
28:45 Castle Age
28:24 Gold Mining
28:27 Stone Mining
30:40 Hand Cart
30:22 Bodkin Arrow
30:42 Leather Archer Armor
30:54 Bloodlines
32:54 Thumb Ring
33:05 Leather Archer Armor
35:16 Gold Shaft Mining
35:28 Heavy Plow
35:39 Bow Saw
38:17 Imperial Age
37:02 Steppe Husbandry
37:48 Scale Barding Armor
39:11 Ballistics
39:02 Masonry
38:48 Murder Holes
40:34 Conscription
40:47 Cavalier
40:52 Capped Ram
41:33 Town Watch
43:04 Ring Archer Armor
42:45 Forging
42:35 Paladin
43:23 Siege Ram
45:23 Caravan
45:54 Elite Kipchak
46:36 Cuman Mercenaries
47:04 Chain Barding Armor
47:19 Iron Casting
55:04 Hoardings
57:59 Plate Barding Armor
57:59 Iron Casting
Catipan Dixlesya
9:31 Feudal Age
10:17 Double-Bit Axe
10:47 Horse Collar
15:22 Bloodlines
20:49 Castle Age
19:24 Scale Barding Armor
20:36 Gold Mining
21:41 Forging
21:38 Husbandry
22:02 Chain Barding Armor
22:23 Gold Shaft Mining
25:39 Heavy Plow
25:52 Bow Saw
28:36 Iron Casting
30:44 Light Cavalry
34:19 Heavy Plow
35:21 Wheelbarrow
38:25 Imperial Age
35:43 Loom
35:43 Town Watch
36:20 Hand Cart
35:50 Town Watch
37:03 Stone Mining
41:44 Two-Man Saw
40:33 Elite Mameluke
41:53 Plate Barding Armor
42:18 Blast Furnace
41:09 Fletching
42:23 Chemistry
41:28 Siege Engineers
42:25 Conscription
42:15 Counterweights
42:48 Ballistics
42:35 Onager
44:20 Caravan
44:51 Coinage
44:22 Siege Onager
45:35 Town Patrol
46:09 Banking
47:22 Bodkin Arrow
47:24 Murder Holes
47:09 Hussar
49:04 Treadmill Crane
49:34 Masonry
50:00 Bracer
56:54 Bimaristan
57:24 Hoardings
ITA | Raffy
7:02 Loom
9:19 Feudal Age
10:14 Double-Bit Axe
10:54 Man-at-Arms
16:58 Scale Mail Armor
20:29 Wheelbarrow
20:54 Forging
22:47 Castle Age
20:50 Horse Collar
21:44 Gold Mining
23:11 Long Swordsman
24:28 Bow Saw
25:53 Chain Mail Armor
25:31 Stone Mining
26:16 Gold Shaft Mining
26:41 Squires
29:16 Pikeman
39:47 Hand Cart
40:06 Hand Cart
43:50 Imperial Age
41:31 Heavy Plow
44:22 Halberdier
45:45 Plate Mail Armor
44:53 Two-Handed Swordsman
46:06 Onager
48:23 Iron Casting
48:45 Siege Onager
50:57 Druzhina
52:35 Conscription
53:52 Caravan
54:06 Capped Ram
56:01 Blast Furnace
55:08 Siege Engineers
56:04 Chemistry
55:05 Siege Ram
Connection lost

Rejoining the realm…

Still unreachable

The connection could not be restored.

Session expired

The server has moved on; the page needs a fresh start.